Cogmind - Beta 17.1 @@@ ROGUE MODE // 2026.09.14 @ 11:19:05 Player: 7H-NLC Result: Destroyed by D-53 Grenadier with Mini Grenade Launcher Performance ------------- Evolutions (0) 0 Regions Visited (2) 400 Robots Destroyed (18) 90 Value Destroyed (335) 335 Prototype IDs (0) 0 Alien Tech Used (0) 0 Bonus (0) 0 TOTAL SCORE: 825 Bonus ------- None Cogmind --------- Core Integrity 0/250 Matter 300/300 Energy 249/250 System Corruption 0% Temperature Cool (0) Movement Walking (190) Ox1 Location -10/Mines Parts ------- > --- POWER (1) -------- Ion Engine > --- PROPULSION (2) --- Aluminum Leg > --- UTILITY (2) ------ Improved Heat Sink Medium Storage Unit > --- WEAPON (2) ------- Medium Laser > --- INVENTORY (10) --- Ion Engine Light Ion Engine Aluminum Leg Small Storage Unit High-capacity Storage Unit Improved Terrain Scanner Targeting Computer Grenade Launcher Rocket Launcher Mining Laser Peak State ------------ > --- POWER ------------ Light Nuclear Core > --- PROPULSION ------- Light Treads Light Treads > --- UTILITY ---------- Improved Heat Sink Small Storage Unit > --- WEAPON ----------- Medium Laser Medium Laser > --- INVENTORY -------- Ion Engine Light Ion Engine Improved Terrain Scanner Mining Laser [Rating: 11] Favorites ----------- Power Ion Engine Engine Ion Engine Power Core Light Nuclear Core Propulsion Aluminum Leg Treads Light Treads Leg Aluminum Leg Wheel Compact Wheel Utility Improved Heat Sink Device Improved Heat Sink Storage Small Storage Unit Weapon Medium Laser Energy Gun Medium Laser Build | -11 -10 -10 ------- Run | Yrd Mat Min Slots Evolved . | . . . Power . | . . . Propulsion . | . . . Utility . | . . . Weapon . | . . . Parts Attached 16 | 6 9 1 Power 3 | 1 2 . Engine 2 | 1 1 . Core 1 | . 1 . Reactor . | . . . Propulsion 7 | 2 4 1 Treads 2 | . 2 . Leg 3 | . 2 1 Wheel 2 | 2 . . Hover . | . . . Flight . | . . . Utility 4 | 1 3 . Device 2 | . 2 . Storage 2 | 1 1 . Processor . | . . . Hackware . | . . . Protection . | . . . Artifact . | . . . Weapon 2 | 2 . . Energy Gun 2 | 2 . . Energy Cannon . | . . . Ballistic Gun . | . . . Ballistic Cannon . | . . . Launcher . | . . . Special Weapon . | . . . Impact Weapon . | . . . Slashing Weapon . | . . . Piercing Weapon . | . . . Special Melee Weapon . | . . . Unidentified Prototypes . | . . . Parts Lost 4 | . 2 2 Power . | . . . Propulsion 3 | . 2 1 Utility . | . . . Weapon 1 | . . 1 Highest Loss Streak 2 | . 2 1 To Critical Strikes . | . . . Average Backups 6 | 3 5 9 Power 1 | . 1 2 Propulsion . | 1 . . Utility 2 | . 1 4 Weapon 1 | . 1 2 Tool/Special . | . . . Unused Backups 7 | . . 7 Power 1 | . . 1 Propulsion . | . . . Utility 3 | . . 3 Weapon 3 | . . 3 Tool/Special . | . . . Average Slot Usage (%) 90 | . 93 85 Engine 11 | . 10 14 Core 2 | . 3 . Treads 4 | . 7 . Leg 19 | . 13 28 Wheel 3 | . 6 . Device 10 | . 8 14 Storage 14 | . 14 14 Energy Gun 22 | . 28 14 Peak Build Rating 11 | 6 11 10 Average Rating 7 | 5 8 9 On Entrance 5 | . 6 10 Avg Prop Armor Cover (%) 11 | . 11 . Naked Turns . | . . . Heaviest Build 20 | 14 20 18 Greatest Support 40 | 26 40 20 Greatest Overweight (x) 1 | . 1 . Average Overweight (x) . | . . . Largest Inventory Capacity 10 | 8 10 10 Average Capacity 8 | 7 8 10 Most Carried 10 | 5 8 10 Average Carried 6 | 3 4 9 Final Capacity 10 | 8 10 10 Final Carried 10 | 5 8 10 Class Distribution -------------------- 58% | Scavenger-Mutant 41% | Mutant Dominant Class ---------------- Mutant | -10/Materials Scavenger-Mutant | -10/Mines Resources | -11 -10 -10 ----------- Run | Yrd Mat Min Matter Collected 351 | 260 81 10 Remotely 10 | . 10 . Salvage Created 621 | 153 335 133 Parts 36 | 11 21 4 Haulers Intercepted 1 | . 1 . Recyclers Shooed 2 | 1 . 1 Parts Field Recycled . | . . . Retrieved Matter . | . . . Parts Self-Destructed . | . . . Prevented . | . . . Parts Restored . | . . . Kills | -11 -10 -10 ------- Run | Yrd Mat Min Combat Hostiles Destroyed 8 | . 4 4 Guns 8 | . 4 4 Classes Destroyed 6 | 2 3 1 Tunneler 6 | 5 1 . Hauler 1 | . 1 . Recycler 2 | 1 1 . Operator 1 | . 1 . Swarmer 2 | . . 2 Grunt 6 | . 4 2 Best Kill Streak 3 | 3 3 2 Combat Bots Only 3 | . 3 2 Max Kills in Single Turn 1 | 1 1 1 Gunslinging . | . . . Exploded . | . . . Melee . | . . . Uniques/NPCs Destroyed . | . . . Combat | -11 -10 -10 -------- Run | Yrd Mat Min Hostile Shots Fired 78 | . 47 31 Missed 18 | . 13 5 Hits 60 | . 34 26 Projectile 60 | . 34 26 AOE 2 | . . 2 Damage Taken 853 | . 485 368 Core 258 | . 138 120 Absorbed by Shields . | . . . Core Remaining (%) 100 | 100 . . Volleys Fired 71 | 15 33 23 Largest 2 | 2 2 2 Hottest 100 | 100 100 100 Shots Fired 121 | 30 65 26 Gun 121 | 30 65 26 Cannon . | . . . Launcher . | . . . Special . | . . . Kinetic . | . . . Thermal 121 | 30 65 26 Explosive . | . . . Electromagnetic . | . . . Robot Hit Streak 8 | 7 8 8 Robot Miss Streak 4 | 3 3 4 Penetration Max . | . . . Secondary Targets 1 | . 1 . Max Gunslinging Chain 1 | . 1 . Shots Hit Robots 73 | 19 38 16 Core Hits 30 | 6 17 7 Critical Kills . | . . . Critical Parts Destroyed . | . . . Critical Strikes 7 | 4 2 1 Burn 7 | 4 2 1 Melee Attacks . | . . . Impact . | . . . Slashing . | . . . Piercing . | . . . Sneak Attacks . | . . . Combat Hostiles . | . . . Follow-up Attacks . | . . . Damage Inflicted 941 | 237 500 204 Guns 924 | 237 488 199 Cannons . | . . . Explosions . | . . . Melee . | . . . Ramming 17 | . 12 5 Kinetic . | . . . Thermal 924 | 237 488 199 Explosive . | . . . Electromagnetic . | . . . Impact . | . . . Slashing . | . . . Piercing . | . . . Highest Corruption . | . . . Average Corruption . | . . . Corruption Purged . | . . . Corruption Blocked . | . . . Overload Shots . | . . . Overflow Damage . | . . . Projectiles . | . . . Explosions . | . . . Melee . | . . . Knockbacks . | . . . Impact . | . . . Kinetic . | . . . Secondary . | . . . Self-Inflicted Damage . | . . . Shots . | . . . Rammed 2 | . 2 . Targets Rammed 6 | . 4 2 Kicked 3 | . 1 2 Crushed 1 | . 1 . Highest Temperature 522 | 137 522 49 Average Temperature 145 | 60 212 26 Received Heat Transfer 363 | . 252 111 Effects 10 | . 10 . Shutdowns 1 | . 1 . Energy Bleed 2 | . 2 . Interference 4 | . 4 . Short Circuit 2 | . 2 . Damage (core) 1 | . 1 . Siege Activations . | . . . Martial Activations . | . . . Shielding Activations . | . . . Robots Disrupted . | . . . Combat Hostiles . | . . . Robots Corrupted . | . . . Combat Hostiles . | . . . Parts Fried . | . . . Impact Corruptions . | . . . Robots Melted 1 | 1 . . Combat Hostiles . | . . . Parts Melted 12 | 6 1 5 Heat Transferred 3256 | 999 1591 666 Parts Sabotaged . | . . . Parts Stolen . | . . . Parts Stripped . | . . . Power Chain Reactions . | . . . Alert | -11 -10 -10 ------- Run | Yrd Mat Min Maximum Alert Level . | . . . Low Security (%) 100 | 100 100 100 Level 1 . | . . . Level 2 . | . . . Level 3 . | . . . Level 4 . | . . . Level 5 . | . . . High Security . | . . . Max Security . | . . . Peak Influence 70 | 10 70 70 Initial 3 | . 3 1 Average 17 | 1 17 24 Influence Increases 326 | 30 166 130 Destroy 0b10 Robot/C 160 | . 80 80 Destroy 0b10 Robot/NC 50 | 30 20 . Destroy Leader 52 | . 32 20 Successful Hack 4 | . 4 . Lose Combat Pursuer 60 | . 30 30 Influence Decreases 326 | 25 165 136 Entered New Map 7 | . 2 5 Time Decay 303 | 25 148 130 Lost Part 16 | . 15 1 Squads Dispatched 1 | . 1 . Investigation 1 | . 1 . Extermination . | . . . Reinforcement . | . . . Assault . | . . . Garrison . | . . . Intercept . | . . . Searches Triggered . | . . . Construction Impeded . | . . . Haulers Reinforced . | . . . Active Scanning Responses . | . . . Cargo Convoy Interrupts . | . . . Stealth | -11 -10 -10 --------- Run | Yrd Mat Min Distress Signals 1 | . . 1 Communications Jammed . | . . . Distress Signals . | . . . Times Spotted 15 | . 8 7 Peak Tracking Total 5 | . 5 3 Tactical Retreats 2 | . 1 1 Traps | -11 -10 -10 ------- Run | Yrd Mat Min Traps Triggered 1 | . 1 . Indirectly . | . . . Trap Hack Attempts . | . . . Triggered . | . . . Disarmed . | . . . Reprogrammed . | . . . Reused . | . . . Traps Extracted . | . . . Installed . | . . . Triggered . | . . . Machines | -11 -10 -10 ---------- Run | Yrd Mat Min Machines Disabled . | . . . Max in Single Turn . | . . . Machines Repaired . | . . . Machines Dismantled . | . . . Machines Sabotaged . | . . . Overloaded Fab Kills . | . . . Hacking | -11 -10 -10 --------- Run | Yrd Mat Min Machines Accessed 2 | . 2 . Terminals 1 | . 1 . Fabricators . | . . . Repair Stations . | . . . Recycling Units 1 | . 1 . Scanalyzers . | . . . Garrison Access . | . . . Total Hacks 3 | . 3 . Successful 3 | . 3 . Failed . | . . . Catastrophic . | . . . Database Lockouts . | . . . Manual . | . . . Terminals 1 | . 1 . Fabricators . | . . . Repair Stations . | . . . Recycling Units 2 | . 2 . Scanalyzers . | . . . Garrison Access . | . . . Terminal Hacks 1 | . 1 . Locate Traps 1 | . 1 . Fabricator Hacks . | . . . Repair Station Hacks . | . . . Recycling Unit Hacks 2 | . 2 . Retrieve Components 2 | . 2 . Scanalyzer . | . . . Garrison Access Hacks . | . . . Unauthorized Hacks . | . . . Terminals . | . . . Fabricators . | . . . Repair Stations . | . . . Recycling Units . | . . . Scanalyzers . | . . . Garrison Access . | . . . Data Cores Recovered 1 | . 1 . Used . | . . . Hacking Detections . | . . . Full Trace Events . | . . . Feedback Events . | . . . Feedback Blocked . | . . . Robot Schematics Acquired . | . . . Robots Built . | . . . Authchips . | . . . Time . | . . . Total Robot Build Rating . | . . . Part Schematics Acquired . | . . . Parts Built . | . . . Authchips . | . . . Time . | . . . Total Part Build Rating . | . . . Part Studies Acquired . | . . . Parts Repaired . | . . . Time . | . . . Parts Recycled . | . . . Recycled Matter . | . . . Retrieved Matter . | . . . Retrieved Components 9 | . 9 . Parts Scanalyzed . | . . . Part Schematics Acquired . | . . . Parts Damaged . | . . . Bothacking | -11 -10 -10 ------------ Run | Yrd Mat Min Used RIF Installer . | . . . Robots Hacked . | . . . Non-combat . | . . . Combat . | . . . Robot Hacks Applied . | . . . Relay Couplers Released . | . . . Fabnet Peak Effective % . | . . . Robots Rewired . | . . . Allies Hacked . | . . . Hacks Repelled . | . . . Allies | -11 -10 -10 -------- Run | Yrd Mat Min Total Allies . | . . . Largest Group . | . . . Highest-Rated Group . | . . . Highest-Rated Ally . | . . . Total Orders . | . . . Ally Attacks . | . . . Total Damage . | . . . Kills . | . . . Allies Corrupted . | . . . Allies Melted . | . . . Intel | -11 -10 -10 ------- Run | Yrd Mat Min Active Infowar (turns) . | . . . Robot Analysis Total . | . . . Derelict Logs Recovered 1 | . . 1 Drone Launches . | . . . Drone Recoveries . | . . . Exploration | -11 -10 -10 ------------- Run | Yrd Mat Min Turns Passed 953 | 157 462 334 Spaces Moved 618 | 105 279 234 Core 11 | 11 . . Treads 60 | . 60 . Legs 385 | . 151 234 Wheels 162 | 94 68 . Hover . | . . . Flight . | . . . Fastest Speed 50 | 50 90 120 Average Speed 114 | 85 121 120 Slowest Speed 190 | 90 190 120 Overloaded Moves . | . . . Propulsion Burnouts . | . . . Robots Hopped . | . . . Potential Cave-ins . | . . . Cave-ins Triggered . | . . . Exploration Rate (%) 33 | 4 58 37 Regions Visited 2 Branch Regions 1 Pre-discovered Areas 1 | . . 1 Known Exits Taken . | . . . Unknown Exits Taken 2 | 1 1 . Scrap Searched . | . . . Spaces Dug . | . . . Terrain Destroyed . | . . . Melee . | . . . Projectile . | . . . AOE . | . . . Terrain Rammed . | . . . Walls Destroyed . | . . . Machines Disabled . | . . . Actions | -11 -10 -10 --------- Run | Yrd Mat Min Total 730 | 139 330 261 Wait 12 | 9 3 . Move 616 | 104 278 234 Hop . | . . . Pick Up 9 | 5 3 1 Fast Attach 7 | 6 1 . Attach 2 | . 2 . Detach . | . . . Swap 7 | . 6 1 Drop . | . . . Fire 71 | 15 33 23 Melee . | . . . Ram . | . . . Kick 3 | . 1 2 Crush 3 | . 3 . Escape Stasis . | . . . Rewire . | . . . Trap . | . . . Miscellaneous . | . . . Route ------- -11/Scrapyard -10/Materials (discovered 2 exits: [*Mat] / [*Min]) -10/Mines (discovered 1 exit: [*Sub]) History --------- Turn | Location | Event 31 | -11/Scrapyard | Discovered new exit (range 15) 158 | -11/Scrapyard | Entered Materials 297 | -10/Materials | Core integrity fell below 50% 309 | -10/Materials | Build established: Mutant 543 | -10/Materials | Discovered new exit (range 15) 614 | -10/Materials | Discovered new exit (range 6) 620 | -10/Materials | Entered Mines 689 | -10/Mines | Build established: Scavenger-Mutant 726 | -10/Mines | Assembled infested the area 788 | -10/Mines | Core integrity fell below 20% 809 | -10/Mines | Discovered new exit (range 11) 823 | -10/Mines | Received a Rocket Launcher from a helpful Derelict 891 | -10/Mines | Learned location of Storage (-8) 954 | -10/Mines | Destroyed by D-53 Grenadier with Mini Grenade Launcher Last Messages --------------- 00821_ YZ-CR0(g): "Need to get rid of a swarm? Done. Need a big hole in the wall? Done." 00822_ YZ-CR0(g): "Need a small hole in the wall? Leave that to the mining laser wimps, I say!" 00823_ YZ-CR0(g): "Would you like a rocket launcher? I know I would if I were you, so I'm going to lend you mine." 00823_ YZ-CR0(g) slips back into the shadows. 00826_ Acquired Rocket Launcher. 00833_ K-01 Serf collects debris. 00838_ Acquired derelict log, extracted data. Data stored: Storage entrances (x1). 00891_ A derelict emerges from the shadows: "Are any of them following you? I'm here trying to lose some heat after our second raid on Storage failed. Whatever you do stay away from that place, they've tightened security following our previous successful raids." World map updated: -8/Storage. 00893_ 8R-NKF(g): "We scattered so the Unaware couldn't effectively use their advantage in numbers, and I suggest you do the same." 00893_ 8R-NKF(g) slips back into the shadows. 00952_ Aluminum Leg destroyed. Map ----- +----------------------------------------------------+ | ???????????????????????????????????????????????? | | ???????????????????????????????????????????????? | | ???????????????????????????????????????????????? | | ???????????????????????????????????????????????? | | ???????????????????????????????????????????????? | | ???????????????????????????????????????????????? | | ???????????????????????????????????????????????? | | ???????????????????????????????????????????????? | | ???????????????????????????????????????????????? | | ???????????????????????????????????????????????? | | ??????????????????????? ??????????????????????? | | ?????????????????????# ??????????????????????? | | ?????????????????????# ??????????????????????? | | ????????????????????## ??????????????????????? | | ??????????????????### ?????????? ??????????? | | ?????????????? ??## #???????? ??????????? | | ?????????????? ## ##????? ?????????? | | ??????????????? #???? #??????????? | | ????????????????? t ##??# ?????####???? | | ?????????????????? ### ?????## ##?? | | ??????????????????? d ??????# #?? | | ???????????????????? ????????# #?? | | ????????????????????? ??????????# ##? | | ??????????????????????# ????????????# #? | | ??????????????????????## #?????????????## #? | | ??????????????????????# @ #??????????????## #? | | ??????????#???????????## #??????????????## #? | | ##????????# ??????????# #####?????????## ##? | | #???????## ?????????### #????????## #?? | | #???????# ########### #### #????????# #?? | | #???????# #??# #????????# #?? | | #???????# #??# ########## ##?? | | ##???# ### #########??# ## #??? | | ##??#### ????# #??????????######### ## ##?? | | ##????#??????# #??????????????????# ## #?? | | ##??????????# #??????????????????# #?? | | ## ##?????????# #??????????????????#### #?? | | # ####??????# #?????????????????????## ##?? | | # ##?????# #??????????????????????####??? | | # #?????# #????????????????????????????? | | # ####### #????????????????????????????? | | ## #????????????????????????????? | | ### ##########????????????????????????????? | | ??# ###?????????????????????????????????????? | | ??## ##???????????????????????????????????????? | | ???####????????????????????????????????????????? | | ???????????????????????????????????????????????? | | ???????????????????????????????????????????????? | | | | | +----------------------------------------------------+ Best States ------------- Heat Dissipation 39 Energy Generation 14 Energy Capacity 250 Matter Stores 300 Matter Capacity 300 Sight Range 16 Terrain Scan Density 10 Evasion (%) 55 Recoil Reduction 2 Item Schematics ----------------- None Robot Schematics ------------------ None Fabricated ------------ Nothing Repaired ---------- Nothing Studied --------- None Alien Tech Used ----------------- None Achievements -------------- None Challenges ------------ None Game ------ Seed GaussIonCutter Manual? 0 Play Time 00:07:03 Cumulative 489.0 hours Start 2026.09.14 @ 10:48:39 End 2026.09.14 @ 11:19:05 Sessions 1 Manual Loads 0 Difficulty Rogue Special Mode None Game No. 360 Rogue 360 Adventurer 0 Explorer 0 Win Type - Total 10 Types 4/0/4/2/0/0/0/0/0/0 Lore% 63 Gallery% 72 Achievement% 59 Wizard Run 0 Options --------- Layout 2 ASCII 0 Keyboard 1 Movement Vi Keybinds 0 Fullscreen 2 Font 32/Smallcaps Map View 77x44 Zoom Use 0% Tactical HUD 1 Map Filters NONE Filters NONE Steam 1 RUN: 4e893b77-b9b3-44a1-b0ab-5a203afb0b41